 Dungeon Crawl Stone Soup version 0.30-a0-557-ge2afbf3030 (webtiles) character file.

Game seed: 15499034122340630811

64712 Zonian the Fighter (level 15, -33/88 HPs)
             Began as a Vine Stalker Wanderer on Dec 27, 2022.
             Was a Follower of Uskayaw.
             Killed from afar by a deep elf pyromancer (45 damage)
             ... with a bolt of fire
             ... on level 13 of the Dungeon.
             The game lasted 01:05:17 (21789 turns).

Zonian the Fighter (Vine Stalker Wanderer)         Turns: 21789, Time: 01:05:18

Health: -33/88     AC: 12    Str: 15    XL:     15   Next: 14%
Magic:  0/33       EV: 17    Int: 12    God:    Uskayaw [*.....]
Gold:   743        SH:  6    Dex: 21    Spells: 13/14 levels left

rFire   x . .      SeeInvis +    l - +6 dagger (venom)
rCold   + . .      Faith    .    n - +0 buckler
rNeg    . . .      Spirit   +    E - +1 steam dragon scales
rPois   +          Reflect  .    y - +2 helmet {SInv}
rElec   .          Harm     .    S - +1 cloak
rCorr   .          Rampage  .    (no gloves)
Will    +....                    Y - +0 pair of boots
Stlth   ++                       (no amulet)
HPRegen 1.14/turn                R - ring of magical power
MPRegen 0.23/turn                X - ring of Uteclum {Ice rPois}

@: very slow
A: fangs 3, regeneration 1, magic shield, antimagic bite, no potion heal 2
a: Renounce Religion, Stomp


You were on level 13 of the Dungeon.
You worshipped Uskayaw.
Uskayaw was aware of your devotion.
You visited 2 branches of the dungeon, and saw 18 of its levels.
You also visited: Sewer and Bailey.

You collected 1305 gold pieces.
You spent 562 gold pieces at shops.

Inventory:

Hand Weapons
 d - the +7 scimitar "Yvateppokko" {spect, Contam rN+ Str+5}
   (You found it on level 5 of the Lair of Beasts)

   When its wielder attacks, the weapon's spirit leaps out and strikes again.
   The spirit shares a part of any damage it takes with its wielder.
   Str:       It affects your strength (+5).
   rN:        It protects you from negative energy.
   Contam:    It causes magical contamination when unequipped.
 g - a +4 short sword of holy wrath
 l - a +6 dagger of venom (weapon)
 C - the +10 rapier of Riusoz Ning {protect, Int+3}
   (You found it on level 5 of the Lair of Beasts)

   It grants its wielder temporary protection when it strikes (+7 to AC).
   Int:       It affects your intelligence (+3).
 G - a +2 scimitar of flaming
 T - the +10 long sword of Circularity {antimagic, rPois}
   (You found it on level 10 of the Dungeon)

   It reduces the magical energy of the wielder, and disrupts the spells and
   magical abilities of those it strikes.
   Natural abilities and divine invocations are not affected.
   rPois:     It protects you from poison.
 U - the +1 falchion "Sahyobli" {venom, *Noise rElec rC+ Will+}
   (You bought it in a shop on level 10 of the Dungeon)

   It poisons the flesh of those it strikes.
   rC:        It protects you from cold.
   rElec:     It insulates you from electricity.
   *Noise:    It may make noises in combat.
   Will:      It increases your willpower.
Missiles
 c - 33 poisoned darts (quivered)
 D - 5 curare-tipped darts
 L - 8 boomerangs
 N - 2 throwing nets
Armour
 f - a +0 leather armour
 j - a +1 pair of boots
 k - a +0 cloak
 n - a +0 buckler (worn)
 o - a +0 helmet
 y - a +2 helmet of see invisible (worn)
 E - +1 steam dragon scales (worn)
 S - a +1 cloak (worn)
 Y - a +0 pair of boots (worn)
Jewellery
 K - the ring "Obasiud" {rF+ rC+ SInv}
   (You acquired it on level 1 of the Lair of Beasts)

   [ring of see invisible]

   rF:        It protects you from fire.
   rC:        It protects you from cold.
   SInv:      It lets you see invisible.
 P - a ring of wizardry
 R - a ring of magical power (left hand)
 V - a ring of resist corrosion
 X - the ring of Uteclum (right hand) {Ice rPois}
   (You found it on level 10 of the Dungeon)

   [ring of ice]

   It enhances your ice magic.
   rF:        It makes you vulnerable to fire.
   rC:        It protects you from cold.
   rPois:     It protects you from poison.
Wands
 v - a wand of flame (18)
 z - a wand of charming (37)
 I - a wand of iceblast (11)
 O - a wand of quicksilver (7)
 W - a wand of mindburst (15)
Scrolls
 b - 2 scrolls of brand weapon
 h - 3 scrolls of fear
 p - 2 scrolls of teleportation
 r - 3 scrolls of amnesia
 s - a scroll of torment
 t - 4 scrolls of magic mapping
 H - 4 scrolls of fog
 Z - a scroll of poison
Potions
 a - 3 potions of cancellation
 e - 5 potions of attraction
 i - 3 potions of flight
 m - 17 potions of curing
 q - a potion of might
 u - 4 potions of magic
 w - 10 potions of brilliance
 A - 7 potions of mutation
 B - 5 potions of lignification
 F - a potion of invisibility
 M - 3 potions of resistance


   Skills:
 - Level 14.5 Fighting
 - Level 9.9(10.0) Short Blades
 - Level 1.3(6.3) Long Blades
 - Level 3.8 Ranged Weapons
 - Level 1.2 Throwing
 - Level 8.0 Dodging
 - Level 8.8 Stealth
 - Level 6.0 Shields
 + Level 1.5 Transmutations
 + Level 6.9 Poison Magic
 - Level 11.0 Invocations


You had 13 spell levels left.
You knew the following spells:

 Your Spells              Type           Power      Damage    Failure   Level
a - Sting                 Tmut/Pois      40%        1d5       8%          1

Your spell library contained the following spells:

 Spells                   Type           Power      Damage    Failure   Level
 Poisonous Vapours        Pois/Air       16%        N/A       16%         2
 Olgreb's Toxic Radiance  Pois           16%        N/A       24%         4
 Apportation              Tloc           0%         N/A       38%         1
 Necrotise                Necr           0%         1d4       38%         1
 Summon Small Mammal      Summ           0%         N/A       38%         1
 Call Canine Familiar     Summ           0%         N/A       77%         3
 Summon Guardian Golem    Hex/Summ       0%         N/A       77%         3
 Passage of Golubria      Tloc           0%         N/A       99%         4
 Silence                  Hex/Air        0%         N/A       100%        5
 Malign Gateway           Summ/Tloc      0%         N/A       100%        7
 Lehudib's Crystal Spear  Conj/Erth      0%         10d2      100%        8
 Summon Horrible Things   Summ           0%         N/A       100%        8


Dungeon Overview and Level Annotations

Branches:
Dungeon (13/15)            Temple (0/1) D:6            Lair (5/5) D:10
  Swamp (0/4) Lair:2       Spider (0/4) Lair:3        Slime (0/5) Lair:4
    Orc (0/2) D:10         Vaults (0/5) D:13          Sewer (visited)
 Bailey (visited)

Altars:
Dithmenos
Elyvilon
Gozag
Hepliaklqana
Kikubaaqudgha
Uskayaw
Wu Jian
Xom
Zin
Jiyva

Shops:
D:4 !   D:10 (*(([   D:11 [   D:12 !

Annotations:
D:2 Sigmund
D:9 3 runed translucent doors, olddryhag's ghost, journeyman DsGl
D:13 Urug


Innate Abilities, Weirdness & Mutations

You have razor-sharp teeth.
Your natural rate of healing is unusually fast.
When hurt, damage is shared between your health and your magic reserves.
Your bite disrupts and absorbs the magic of your enemies.
Potions cannot restore your health.


Message History

The water elemental hits you!
* * * LOW HITPOINT WARNING * * *
Okay, then.
You cannot read scrolls while unable to breathe!
Unknown command.
Okay, then.
Aiming: Quicksilver Bolt
Press: ? - help, Shift-Dir - straight line, f - water elemental
Aim: a water elemental (severely damaged, 83% to hit)
The bolt of dispelling energy hits the water elemental!
The water elemental is almost destroyed.
* * * LOW HITPOINT WARNING * * *
Your lungs strain for air!
You hear an angry growl.
You block the water elemental's attack.
You hear a shout!
You can now pass through a line of other dancers.
Okay, then.
Okay, then.
Aiming: Quicksilver Bolt
Press: ? - help, Shift-Dir - straight line, f/p - water elemental
Aim: a water elemental (almost destroyed, 83% to hit)
The bolt of dispelling energy hits the water elemental!
You destroy the water elemental!
You gasp with relief as air once again reaches your lungs.
You now have 743 gold pieces (gained 4).
A tengu warrior comes into view. It is wielding a +0 great sword.
You can no longer pass through a line of other dancers.
There is an open door here.
The tengu warrior enters a dispersal trap!
You blink.
Splash!
You fall into the shallow water.
Moving in this stuff is going to be slow.
A deep elf pyromancer comes into view. It is wielding a +0 long sword.
The tengu warrior blinks!
The deep elf pyromancer points at you and mumbles some strange words.
The bolt of fire hits you!!! The fire burns you terribly!
Ouch! That really hurt!
You die...

#..........###### #
###...).........###
###..............
#.............#
##..........)..#
#§.....#.......#
###'#########....#
##Q~.~~~### ##..|#
#~@....~~~# ##..#
#~~.§.....~~# #..#
#~.........~~####..#
#~...#####..~##....#
#~..#. ..~~#..)##
#~...#. ..~#...#
#~~.e . ..~#####
##~.. # .~#


You could see a tengu warrior and a deep elf pyromancer.

Vanquished Creatures
  Kirke (Lair:3)
  An orc warlord (D:12)
  A dire elephant (Lair:5)
  9 hydras
  Erica (D:9)
  A tengu warrior (D:13)
  A two-headed ogre (D:12)
  2 thrashing horrors (Lair:5)
  A two-headed ogre (shapeshifter) (Lair:5)
  An orc high priest (D:12)
  Nergalle (Lair:3)
  Amaemon (Lair:2)
  A fire crab (D:10)
  A glowing orange brain (shapeshifter) (Lair:5)
  2 ugly things
  An orc sorcerer (D:12)
  A deep elf pyromancer (D:10)
  2 orc knights (D:12)
  2 cyclopes
  10 elephants (Lair:5)
  2 torpor snails (Lair:5)
  2 gargoyles
  An orange demon (Lair:2)
  3 smoke demons (Lair:5)
  16 cane toads
  3 black mambas
  An unseen horror (D:12)
  Maggie (D:6)
  Psyche (D:9)
  2 kobold demonologists (D:10)
  12 komodo dragons
  2 ancient zymes (Lair:5)
  A merfolk (D:10)
  A large abomination (Lair:5)
  A polar bear (Lair:5)
  A meliai (shapeshifter) (D:8)
  3 hornets
  A troll (D:12)
  5 slime creatures (D:12)
  11 dream sheep (Lair:5)
  35 blink frogs
  Prince Ribbit (D:9)
  A jumping spider (shapeshifter) (Lair:5)
  2 shadows
  9 wyverns
  3 water elementals
  A spriggan (D:10)
  3 wraiths
  2 ynoxinuls (Lair:5)
  26 yaks
  2 steam dragons
  2 vampire mosquitoes (D:12)
  11 basilisks
  Menkaure (D:6)
  Edmund (D:6)
  3 acid dragons
  18 water moccasins
  10 small abominations (Lair:5)
  18 orc warriors
  An ice beast (D:7)
  7 wolves (Lair:4)
  An ogre (D:5)
  3 centaurs
  2 phantoms
  4 kobold brigands
  11 bullfrogs
  A necrophage (D:7)
  5 scorpions
  Blork the orc (D:6)
  4 gnoll sergeants
  15 wights
  17 killer bees
  5 howler monkeys
  11 electric eels
  5 crimson imps
  A jelly (D:6)
  3 hounds
  13 orc priests
  Ijyb (D:3)
  4 iguanas
  8 orc wizards
  Robin (D:3)
  22 gnolls
  2 river rats (Sewer)
  8 adders
  3 shadow imps
  2 white imps
  An ufetubus (D:5)
  A worm (D:3)
  3 dart slugs
  22 orcs
  3 bats (Sewer)
  7 endoplasms
  2 giant cockroaches
  30 goblins
  12 hobgoblins
  5 jackals
  18 kobolds
  4 quokkas
  7 ball pythons
  6 frilled lizards
  5 rats
547 creatures vanquished.

Vanquished Creatures (others)
  4 humans (Lair:3)
  A kobold (D:11)
  36 fungi
  64 plants
105 creatures vanquished.

Grand Total: 652 creatures vanquished

Notes
Turn   | Place    | Note
-------+----------+-------------------------------------------
     0 | D:1      | Zonian the Vine Stalker Wanderer began the quest for the
                  | Orb.
     0 | D:1      | Zonian set off with the following items: a +0 shortbow, a
                  | +0 falchion, 10 poisoned darts, a +0 dagger, a potion of
                  | attraction, a +0 leather armour.
     0 | D:1      | Reached XP level 1. HP: 11/11 MP: 2/2
     6 | D:1      | Noticed a swamp worm
     6 | D:1      | Noticed a rime drake
     6 | D:1      | Noticed an anaconda
     7 | D:1      | Noticed a polar bear
     7 | D:1      | Noticed a hound
   134 | D:1      | Reached XP level 2. HP: 15/15 MP: 3/3
   519 | D:1      | Reached skill level 2 in Fighting
   640 | D:1      | Reached XP level 3. HP: 18/18 MP: 4/4
  1216 | D:2      | Noticed Sigmund
  1555 | D:3      | Found a hide-covered altar of Uskayaw.
  1556 | D:3      | Found a glowing silver altar of Zin.
  1563 | D:3      | Became a worshipper of Uskayaw the Reveller
  1601 | D:3      | Noticed Robin
  1640 | D:3      | Reached * piety under Uskayaw
  1645 | D:3      | Reached ** piety under Uskayaw
  1651 | D:3      | Gained mutation: Your natural rate of healing is unusually
                  | fast. [Vine Stalker growth]
  1651 | D:3      | Reached XP level 4. HP: 14/23 MP: 3/5
  1652 | D:3      | Reached skill level 1 in Short Blades
  1657 | D:3      | Reached *** piety under Uskayaw
  1658 | D:3      | Killed Robin
  1764 | D:3      | Noticed a scorpion
  1786 | D:3      | Killed a scorpion
  1787 | D:3      | Reached XP level 5. HP: 26/26 MP: 6/6
  1897 | D:3      | Found a glowing drain.
  1914 | Sewer    | Entered a sewer
  2527 | D:3      | Reached XP level 6. HP: 27/30 MP: 4/7
  2619 | D:3      | Noticed Ijyb
  2622 | D:3      | Found an ancient bone altar of Kikubaaqudgha.
  2647 | D:3      | Killed Ijyb
  2944 | D:3      | Found a shimmering altar of Xom.
  2961 | D:3      | Reached skill level 5 in Short Blades
  2961 | D:3      | Reached **** piety under Uskayaw
  2963 | D:3      | Reached XP level 7. HP: 35/35 MP: 8/8
  3056 | D:4      | Found a hazy altar of Hepliaklqana.
  3153 | D:4      | Found an opulent altar of Gozag.
  3210 | D:4      | Found Xoekeguo's Distillery.
  3227 | D:4      | Bought a potion of curing for 42 gold pieces
  3644 | D:5      | Entered Level 5 of the Dungeon
  3916 | D:5      | Gained mutation: You have razor-sharp teeth. [Vine Stalker
                  | growth]
  3916 | D:5      | Reached XP level 8. HP: 39/39 MP: 9/9
  4427 | D:6      | Reached ***** piety under Uskayaw
  4491 | D:6      | Noticed Blork the orc
  4500 | D:6      | Killed Blork the orc
  4539 | D:6      | Found a staircase to the Ecumenical Temple.
  4562 | D:6      | Found a shadowy altar of Dithmenos.
  4632 | D:6      | Reached XP level 9. HP: 36/42 MP: 10/10
  4691 | D:6      | Noticed Maggie
  4712 | D:6      | Killed Maggie
  4713 | D:6      | Reached skill level 3 in Fighting
  5012 | D:6      | Found a white marble altar of Elyvilon.
  5013 | D:6      | Noticed Edmund
  5025 | D:6      | Noticed Menkaure
  5026 | D:6      | Killed Edmund
  5038 | D:6      | Killed Menkaure
  5039 | D:6      | Reached skill level 5 in Stealth
  5288 | D:7      | Reached skill level 4 in Fighting
  5533 | D:7      | Reached skill level 5 in Fighting
  5707 | D:7      | Reached XP level 10. HP: 50/51 MP: 9/11
  6070 | D:7      | Reached skill level 6 in Fighting
  7274 | D:8      | Found a flagged portal.
  7318 | D:8      | Learned a level 1 spell: Sting
  7319 | Bailey   | Entered a bailey
  7440 | Bailey   | Reached skill level 1 in Invocations
  7747 | Bailey   | Noticed an orc warlord
  8261 | D:8      | Reached skill level 7 in Fighting
  8328 | D:8      | Paralysed by a hornet for 3 turns
  8806 | D:8      | Noticed a manticore
  9125 | D:9      | Noticed Erica
  9178 | D:9      | Killed Erica
  9179 | D:9      | Reached skill level 8 in Fighting
  9179 | D:9      | Reached skill level 5 in Invocations
  9179 | D:9      | Reached XP level 11. HP: 36/60 MP: 11/16
  9435 | D:9      | Noticed Prince Ribbit
  9443 | D:9      | Killed Prince Ribbit
  9446 | D:9      | Found a runed translucent gate.
  9447 | D:9      | Found a runed translucent gate.
  9448 | D:9      | Found a runed translucent gate.
  9451 | D:9      | Noticed a boulder beetle
  9451 | D:9      | Noticed olddryhag's ghost (journeyman DsGl)
  9453 | D:9      | Noticed a two-headed ogre
 10058 | D:9      | Noticed Psyche
 10065 | D:9      | Killed Psyche
 10345 | D:10     | Entered Level 10 of the Dungeon
 10345 | D:10     | Found Fuevis's Antique Weapon Shoppe.
 10397 | D:10     | Found Vistreawk's Antique Weapon Shop.
 10404 | D:10     | Identified the +10 long sword of Circularity {antimagic,
                  | rPois}
 10407 | D:10     | Bought a fine falchion for 200 gold pieces
 10407 | D:10     | Identified the +1 falchion "Sahyobli" {venom, *Noise rElec
                  | rC+ Will+} (You bought it in a shop on level 10 of the
                  | Dungeon)
 10413 | D:10     | Reached skill level 9 in Fighting
 10416 | D:10     | Found Niriap's Assorted Antiques.
 10467 | D:10     | Bought an encrusted glass wand for 120 gold pieces
 10467 | D:10     | Bought a wand of iceblast (2) for 144 gold pieces
 10471 | D:10     | Found Efuhepsum's Weapon Boutique.
 10497 | D:10     | Noticed a deep elf pyromancer
 10509 | D:10     | Killed a deep elf pyromancer
 10673 | D:10     | Found an ornate altar of the Wu Jian Council.
 10689 | D:10     | Identified the ring of Uteclum {Ice rPois}
 10738 | D:10     | Found a staircase to the Orcish Mines.
 10811 | D:10     | Found Rezoajecs's Antique Armour Shoppe.
 10870 | D:10     | Found a staircase to the Lair.
 10871 | D:10     | Noticed a fire crab
 11207 | D:10     | Killed a fire crab
 11442 | Lair:1   | Entered Level 1 of the Lair of Beasts
 11651 | Lair:1   | Noticed a six-headed hydra
 11690 | Lair:1   | Killed a six-headed hydra
 11691 | Lair:1   | Reached skill level 10 in Fighting
 11922 | Lair:1   | Identified a scroll of acquirement
 11923 | Lair:1   | Acquired the ring "Obasiud" {rF+ rC+ SInv}
 11937 | Lair:1   | Reached XP level 12. HP: 54/67 MP: 19/19
 12524 | Lair:2   | Noticed a five-headed hydra
 12543 | Lair:2   | Killed a five-headed hydra
 12584 | Lair:2   | Noticed a seven-headed hydra
 12594 | Lair:2   | Killed a seven-headed hydra
 12594 | Lair:2   | Reached ****** piety under Uskayaw
 12662 | Lair:2   | Noticed a four-headed hydra
 12678 | Lair:2   | Reached skill level 11 in Fighting
 12741 | Lair:2   | Reached skill level 10 in Invocations
 12866 | Lair:2   | Noticed Amaemon
 13175 | Lair:2   | Killed Amaemon
 13341 | Lair:2   | Killed a four-headed hydra
 13498 | Lair:2   | Found a staircase to the Swamp.
 13751 | Lair:3   | Reached skill level 12 in Fighting
 13917 | Lair:3   | Noticed Kirke
 13959 | Lair:3   | Reached XP level 13. HP: 44/75 MP: 22/22
 14120 | Lair:3   | Found a hole to the Spider Nest.
 14155 | Lair:3   | Noticed Nergalle
 14187 | Lair:3   | Killed Nergalle
 14374 | Lair:3   | Reached skill level 13 in Fighting
 14570 | Lair:3   | Killed Kirke
 15482 | Lair:4   | Found a viscous altar of Jiyva.
 15482 | Lair:4   | Found a staircase to the Slime Pits.
 15814 | Lair:4   | Reached skill level 14 in Fighting
 16428 | Lair:5   | Entered Level 5 of the Lair of Beasts
 17544 | Lair:5   | Reached skill level 5 in Dodging
 17553 | Lair:5   | Reached XP level 14. HP: 73/84 MP: 23/23
 18621 | Lair:5   | Identified the +10 rapier of Riusoz Ning {protect, Int+3}
 18826 | Lair:5   | Noticed a dire elephant
 18832 | Lair:5   | Reached skill level 1 in Poison Magic
 18850 | Lair:5   | Reached skill level 1 in Shields
 18880 | Lair:5   | Killed a dire elephant
 18900 | Lair:5   | Noticed a dire elephant
 19167 | Lair:5   | Identified the +7 scimitar "Yvateppokko" {spect, Contam rN+
                  | Str+5}
 19377 | Lair:5   | Upgraded the game from 0.30-a0-553-g7fabdf1491 to
                  | 0.30-a0-557-ge2afbf3030
 19985 | D:11     | You fall into a shaft and drop 1 floor!
 20052 | D:12     | Reached skill level 5 in Poison Magic
 20451 | D:11     | Found Yfeobof's Armour Emporium.
 20685 | D:12     | Found Zumis's Distillery.
 20857 | D:12     | Reached skill level 5 in Shields
 20888 | D:12     | Noticed an orc warlord
 20904 | D:12     | Killed an orc warlord
 20993 | D:12     | Reached XP level 15. HP: 76/88 MP: 24/24
 21453 | D:12     | Bought a potion of might for 56 gold pieces
 21651 | D:13     | Noticed Urug
 21651 | D:13     | Found a gate to the Vaults.
 21672 | D:13     | Reached skill level 1 in Transmutations
 21782 | D:13     | HP: 3/88 [drowned by a water elemental (6)]
 21789 | D:13     | Killed from afar by a deep elf pyromancer

Illustrated notes

Levels and vault maps discovered:
D:1:      onia_arrival_zoo_common, layout_loops_corners
D:2:      layout_loops_ring, uniq_sigmund
D:3:      layout_basic, mainiacjoe_overflow_brackets, led_xom_imps,
          chequers_temple_overflow_statue_of_worship,
          cheibrodos_sewer_entry_bend, uniq_ijyb, uniq_robin
D:4:      layout_gridville, nicolae_hepliaklqana_hazy_memory,
          nicolae_gozag_cash_rules_everything_around_me, serial_glass,
          glass_columns_b, glass_columns_a, serial_shops, nicolae_shop_trees
D:5:      layout_basic
D:6:      layout_loops_ring, nicolae_dithmenos_shadow_blocks, elyvilon_altar_4,
          minmay_temple_entry_arrows, uniq_edmund, uniq_maggie, uniq_menkaure,
          uniq_blork_the_orc
D:7:      cheibrodos_two_vegetables, layout_basic
D:8:      minmay_razor_zed, layout_basic, nicolae_ossuary_entry_plus,
          enter_bailey_5, minmay_shattered_shrine
D:9:      layout_long_grid, gammafunk_ghost_split, uniq_erica, uniq_psyche,
          uniq_prince_ribbit1
D:10:     layout_rooms, nicolae_wu_jian_wuxing_cycle, minmay_lair_entry_lava,
          orc_0_dummy, serial_shops, nicolae_shop_statue_plus, shop,
          nicolae_stop_n_shop_2, nicolae_shop_statue_plus,
          nicolae_shop_overgrown_old_shop, corexii_hall_statues_deadend,
          hangedman_stone_soup
D:11:     layout_rooms, serial_shops, shop, serial_bayou, serial_bayou_lagoon_a,
          serial_bayou_shore_b, serial_bayou_lagoon_b, serial_bayou_shore_a,
          kennysheep_another_room
D:12:     orc_temple, layout_loops_cross, serial_shops, nicolae_shop_waterfront,
          minmay_misc_feat_x
D:13:     nicolae_BIG_FREAKIN_CUBE, layout_layer_cave, david_vaults_3,
          drop_trap, minivault_16, kennysheep_potato
Lair:1:   layout_cave_pods
Lair:2:   layout_gridlike, palyth_hydra_swamp_entry, grunt_megastairs_3,
          uniq_amaemon
Lair:3:   layout_misc_corridors, dummy_spider_entry, serial_bayou_pond_a,
          uniq_kirke, uniq_nergalle
Lair:4:   layout_misc_corridors, dpeg_slime_entry_enclosed,
          chequers_serial_rivers_micro_b, infiniplex_staircase_pool
Lair:5:   hellmonk_lair_end_abyssal_woods, layout_regular_city,
          chequers_serial_rivers_micro_b, nicolae_quartered_pool_super,
          nicolae_lair_lakeside_cave, lemuel_fruit_tree

Skill      XL: |  1  2  3  4  5  6  7  8  9 10 11 12 13 14 15 |
---------------+----------------------------------------------+-----
Fighting       | 2 5 8 10 12 14 | 14.5
Stealth        | 2 7 8 |  8.8
Short Blades   | 2 4 5 7 9 |  9.9
Invocations    | 5 8 11 | 11.0
Dodging        | 5 8 |  8.0
Poison Magic   | 6 |  6.9
Shields        | 5 6 |  6.0
Transmutations | 1 |  1.5
Long Blades    | |  1.3
Ranged Weapons | |  3.8
Throwing       | |  1.2

Action                   |  1- 3 |  4- 6 |  7- 9 | 10-12 | 13-15 || total
-------------------------+-------+-------+-------+-------+-------++-------
Melee: Dagger            |    16 |   127 |   234 |   721 |   940 ||  2038
       Bite              |     3 |    30 |    75 |   245 |   436 ||   789
       Punch             |       |     1 |       |       |       ||     1
 Fire: Shortbow          |    88 |       |       |       |       ||    88
Throw: Dart              |    14 |       |       |       |     4 ||    18
Invok: Line Pass         |       |       |       |       |     1 ||     1
Evoke: Wand              |       |       |     7 |    21 |    22 ||    50
  Use: Scroll            |     3 |     2 |    13 |    14 |     9 ||    41
       Potion            |       |       |       |     4 |     1 ||     5
 Stab: Paralysed         |       |     3 |    11 |    38 |    59 ||   111
       Sleeping          |       |     1 |    12 |    16 |     7 ||    36
       Distracted        |       |       |       |     1 |     3 ||     4
       Confused          |       |       |       |       |     1 ||     1
Armor: Leather armour    |    18 |    47 |    28 |       |       ||    93
       Steam dragon scal |       |       |    22 |   147 |   196 ||   365
       Skin              |       |       |       |    26 |       ||    26
Dodge: Dodged            |    39 |    61 |    79 |   234 |   372 ||   785
Block: Buckler           |       |       |    16 |    98 |   132 ||   246

Table legend: (Time is in decaauts)
 A = Elapsed time spent in this place.
 B = Non-inter-level travel time spent in this place.
 C = Inter-level travel time spent in this place.
 D = Time resting spent in this place.
 E = Time spent auto-exploring this place.
 F = Levels seen in this place.
 G = Mean time per level.
                   A        B        C        D        E       F      G
               +--------+--------+--------+--------+--------+-----+--------+
         Total |  21134 |  20641 |    493 |   6081 |   8800 |  20 | 1056.7 |
       Dungeon |  12346 |  12009 |    337 |   2735 |   6225 |  13 |  949.7 |
          Lair |   7790 |   7634 |    156 |   2886 |   2575 |   5 | 1558.0 |
         Sewer |    589 |    589 |      0 |    222 |      0 |   1 |  589.0 |
        Bailey |    408 |    408 |      0 |    238 |      0 |   1 |  408.0 |
               +--------+--------+--------+--------+--------+-----+--------+

Top non-repeatable levels by time:
  Lair:5: 2340 daAuts
     D:7: 2062 daAuts
  Lair:4: 1786 daAuts
  Lair:3: 1459 daAuts
     D:8: 1310 daAuts
    D:10: 1272 daAuts
     D:9: 1215 daAuts
  Lair:2: 1193 daAuts
  Lair:1: 1011 daAuts
     D:1: 991 daAuts
    D:12: 988 daAuts
     D:3: 926 daAuts
     D:6: 846 daAuts
    D:11: 751 daAuts
     D:5: 651 daAuts
